 Dungeon Crawl Stone Soup version 0.28-a0-664-gc179e30c89 (webtiles) character file.

Game seed: 8600372867073525108

303 tilp the Magician (level 6, -7/44 HPs)
             Began as a Gnoll Hedge Wizard on Oct 15, 2021.
             Was a Follower of Uskayaw.
             Mangled by an ogre (29 damage)
             ... on level 4 of the Dungeon.
             The game lasted 00:07:29 (4847 turns).

tilp the Magician (Gnoll Hedge Wizard)              Turns: 4847, Time: 00:07:30

Health: -7/44      AC:  8    Str:  9    XL:     6   Next: 38%
Magic:  14/16      EV: 12    Int: 16    God:    Uskayaw [*.....]
Gold:   87         SH:  0    Dex: 11    Spells: 10/19 levels left

rFire   . . .      SeeInvis .   a - +3 dagger (elec)
rCold   . . .      Faith    .   (no shield)
rNeg    . . .      Spirit   .   g - +0 leather armour
rPois   .          Reflect  .   q - +2 helmet
rElec   .          Harm     .   (no cloak)
rCorr   .          Rampage  .   n - +1 pair of gloves
Will    .....                   (no boots)
Stlth   ++........              p - amulet of regeneration
HPRegen 1.14/turn               (no ring)
MPRegen 0.15/turn               (no ring)

@: no status effects
A: fangs 1, strong nose, distributed training
a: Renounce Religion, Stomp


You were on level 4 of the Dungeon.
You worshipped Uskayaw.
Uskayaw was noncommittal.
You visited 1 branch of the dungeon, and saw 4 of its levels.

You collected 87 gold pieces.

Inventory:

Hand Weapons
 a - a +3 dagger of electrocution (weapon)
 b - a +0 flail
Missiles
 h - 24 poisoned darts (quivered)
 i - 41 stones
 j - 3 silver javelins
 r - 23 bolts
Armour
 g - a +0 leather armour (worn)
 n - a +1 pair of gloves (worn)
 q - a +2 helmet (worn)
Jewellery
 p - an amulet of regeneration (around neck)
Wands
 c - a wand of acid (10)
Scrolls
 s - a scroll of enchant armour
Potions
 d - a potion of curing
 e - a potion of mutation
 f - a potion of flight
 k - a potion of brilliance {unknown}
 l - a potion of cancellation {unknown}
 m - 2 potions of attraction {unknown}
 o - a potion of magic {unknown}
 u - a potion of degeneration {unknown}


   Skills:
 + Level 1.9 Fighting
 + Level 1.9 Short Blades
 + Level 1.9 Long Blades
 + Level 1.9 Axes
 + Level 1.9 Maces & Flails
 + Level 1.9 Polearms
 + Level 1.9 Staves
 + Level 1.9 Slings
 + Level 1.9 Bows
 + Level 1.9 Crossbows
 + Level 1.9 Throwing
 + Level 1.9 Armour
 + Level 5.0 Dodging
 + Level 4.6 Stealth
 + Level 1.9 Shields
 + Level 1.9 Unarmed Combat
 + Level 7.4 Spellcasting
 + Level 2.6 Conjurations
 + Level 1.5 Hexes
 + Level 2.6 Summonings
 + Level 1.5 Necromancy
 + Level 2.6 Translocations
 + Level 1.5 Transmutations
 + Level 1.5 Fire Magic
 + Level 1.5 Ice Magic
 + Level 1.5 Air Magic
 + Level 1.5 Earth Magic
 + Level 1.5 Poison Magic
 + Level 2.1 Invocations
 + Level 1.9 Evocations


You had 10 spell levels left.
You knew the following spells:

 Your Spells              Type           Power      Damage    Failure   Level
a - Magic Dart            Conj           56%        1d5       5%          1
b - Call Imp              Summ           14%        N/A       9%          2
c - Blink                 Tloc           N/A        N/A       9%          2
d - Slow                  Hex            10%        N/A       13%         2
e - Wereblood             Tmut           10%        N/A       13%         2

Your spell library contained the following spells:

 Spells                   Type           Power      Damage    Failure   Level
 Beastly Appendage        Tmut           20%        N/A       9%          1
 Conjure Flame            Conj/Fire      12%        6-21      21%         3
 Mephitic Cloud           Conj/Pois/Air  12%        N/A       22%         3
 Spider Form              Tmut/Pois      5%         N/A       26%         3


Dungeon Overview and Level Annotations

Branches:
Dungeon (4/15)
 Temple: D:4-7

Altars:
Uskayaw
Yredelemnul

Shops:
D:2 [

Annotations:
D:4 Edmund


Innate Abilities, Weirdness & Mutations

You have very sharp teeth.
Your uncanny sense of smell can sniff out nearby items.
Your experience applies equally to all skills.


Message History

An ogre comes into view. It is wielding a +0 giant club.
The ogre shouts!
An ogre is nearby!
An ogre is nearby!
An ogre is nearby!
Edmund the Younger comes into view.
He is wielding a +3 dire flail of protection.
Casting: Magic Dart (safe; 5% risk of failure)
Confirm with . or Enter, or press ? or * to list all spells.
Aiming: Magic Dart (safe; 5% risk of failure)
Press: ? - help, Shift-Dir - straight line, f - ogre
Aim: an ogre, wielding a +0 giant club (100% to hit)
The magic dart hits the ogre.
The ogre is lightly wounded.
Unknown command.
Casting: Magic Dart (safe; 5% risk of failure)
Confirm with . or Enter, or press ? or * to list all spells.
Aiming: Magic Dart (safe; 5% risk of failure)
Press: ? - help, Shift-Dir - straight line, f/p - ogre
Aim: an ogre, wielding a +0 giant club (lightly wounded, 100% to hit)
The magic dart hits the ogre.
The ogre is lightly wounded.
Unknown command.
Casting: Magic Dart (safe; 5% risk of failure)
Confirm with . or Enter, or press ? or * to list all spells.
A beastly little devil appears in a puff of flame.
You hit the ogre.
The ogre is moderately wounded.
The ogre hits you with a +0 giant club!!
Ouch! That really hurt!
Your crimson imp hits the ogre.
You completely miss the ogre. You bite the ogre, but do no damage.
The ogre is moderately wounded.
Your crimson imp hits the ogre.
The ogre misses you.
Unknown command.
You hit the ogre.
The ogre is heavily wounded.
Your crimson imp blinks!
The ogre hits you with a +0 giant club!!
Ouch! That really hurt!
You die...

.....######+####.....+.....#
#... .................###
#.....# ###.
.................# #.....#
#. .................#
#.....# #.
.................#
###.....#####.
.................#
..............
.........5.......#
....##........
.................# ....
#........ ................@#
... ######### .........§O#
.. ..........@# ...####'##.#
#..#.# ##.#.# #.#.# #.#.#
#...#


You could see Edmund, an ogre (ally target) and a friendly crimson imp
(summoned).

Vanquished Creatures
  An ogre (D:4)
  A hound (D:4)
  7 adders
  3 worms (D:2)
  A dart slug (D:1)
  9 orcs (D:3)
  9 ball pythons
  5 endoplasms
  2 giant cockroaches
  12 hobgoblins
  9 jackals
  3 quokkas
  3 bats
  3 frilled lizards
  10 goblins
  5 kobolds
  6 rats
89 creatures vanquished.

Vanquished Creatures (collateral kills)
  Robin (D:2)
  2 goblins (D:2)
3 creatures vanquished.

Vanquished Creatures (others)
  5 fungi
  5 plants (D:1)
10 creatures vanquished.

Grand Total: 102 creatures vanquished

Notes
Turn   | Place    | Note
-------+----------+-------------------------------------------
     0 | D:1      | tilp the Gnoll Hedge Wizard began the quest for the Orb.
     0 | D:1      | Reached XP level 1. HP: 13/13 MP: 8/8
   222 | D:1      | Reached XP level 2. HP: 19/19 MP: 10/10
   232 | D:1      | Learned a level 2 spell: Call Imp
   235 | D:1      | Learned a level 2 spell: Blink
   238 | D:1      | Learned a level 2 spell: Slow
   620 | D:1      | Found a faded altar of an unknown god.
   929 | D:1      | Reached XP level 3. HP: 25/25 MP: 7/11
  1528 | D:2      | Found a basalt altar of Yredelemnul.
  1646 | D:2      | Reached skill level 1 in Invocations
  1668 | D:2      | Noticed Robin
  1817 | D:2      | HP: 1/25 [Robin/goblin (3)]
  2260 | D:2      | Reached skill level 1 in Fighting
  2260 | D:2      | Reached skill level 1 in Short Blades
  2260 | D:2      | Reached skill level 1 in Long Blades
  2260 | D:2      | Reached skill level 1 in Axes
  2260 | D:2      | Reached skill level 1 in Maces & Flails
  2260 | D:2      | Reached skill level 1 in Polearms
  2260 | D:2      | Reached skill level 1 in Staves
  2260 | D:2      | Reached skill level 1 in Slings
  2260 | D:2      | Reached skill level 1 in Bows
  2260 | D:2      | Reached skill level 1 in Crossbows
  2260 | D:2      | Reached skill level 1 in Throwing
  2260 | D:2      | Reached skill level 1 in Armour
  2260 | D:2      | Reached skill level 1 in Shields
  2260 | D:2      | Reached skill level 1 in Unarmed Combat
  2260 | D:2      | Reached skill level 1 in Evocations
  2484 | D:2      | Reached XP level 4. HP: 32/32 MP: 5/13
  2642 | D:2      | Killed Robin
  2730 | D:2      | Reached skill level 1 in Hexes
  2730 | D:2      | Reached skill level 1 in Necromancy
  2730 | D:2      | Reached skill level 1 in Transmutations
  2730 | D:2      | Reached skill level 1 in Fire Magic
  2730 | D:2      | Reached skill level 1 in Ice Magic
  2730 | D:2      | Reached skill level 1 in Air Magic
  2730 | D:2      | Reached skill level 1 in Earth Magic
  2730 | D:2      | Reached skill level 1 in Poison Magic
  2797 | D:2      | Found Kuukeses's Antique Armour Boutique.
  3237 | D:1      | Prayed at the altar of an unknown god.
  3237 | D:1      | Became a worshipper of Uskayaw the Reveller
  3237 | D:1      | Reached * piety under Uskayaw
  3281 | D:3      | Reached ** piety under Uskayaw
  3285 | D:3      | Reached *** piety under Uskayaw
  3287 | D:3      | Reached XP level 5. HP: 35/37 MP: 14/14
  3293 | D:3      | Reached **** piety under Uskayaw
  4509 | D:3      | Learned a level 2 spell: Wereblood
  4762 | D:4      | Noticed an ogre
  4769 | D:4      | Killed an ogre
  4770 | D:4      | Reached skill level 5 in Dodging
  4770 | D:4      | Reached XP level 6. HP: 29/44 MP: 16/16
  4832 | D:4      | Noticed Edmund
  4847 | D:4      | Mangled by an ogre

Illustrated notes

Levels and vault maps discovered:
D:1:      lightli_arrival_farm, layout_loops_ring,
          shapermc_ecumenical_altar_mp_ritualfount, hangedman_decor_peaks_small,
          grunt_decor_resistance
D:2:      layout_loops_ring, serial_shops, nicolae_diamond_shop, basic_altar,
          minmay_shallow_snake_nest, uniq_robin
D:3:      layout_basic
D:4:      layout_basic, minitemple, uniq_edmund

Skill      XL: |  1  2  3  4  5 |
---------------+----------------+-----
Conjurations   | 2 |  2.6
Summonings     | 2 |  2.6
Translocations | 2 |  2.6
Invocations    | 1 2 |  2.1
Fighting       | 1 |  1.9
Short Blades   | 1 |  1.9
Long Blades    | 1 |  1.9
Axes           | 1 |  1.9
Maces & Flails | 1 |  1.9
Polearms       | 1 |  1.9
Staves         | 1 |  1.9
Slings         | 1 |  1.9
Bows           | 1 |  1.9
Crossbows      | 1 |  1.9
Throwing       | 1 |  1.9
Armour         | 1 |  1.9
Shields        | 1 |  1.9
Unarmed Combat | 1 |  1.9
Evocations     | 1 |  1.9
Hexes          | 1 |  1.5
Necromancy     | 1 |  1.5
Transmutations | 1 |  1.5
Fire Magic     | 1 |  1.5
Ice Magic      | 1 |  1.5
Air Magic      | 1 |  1.5
Earth Magic    | 1 |  1.5
Poison Magic   | 1 |  1.5
Dodging        | 5 |  5.0
Stealth        | |  4.6
Spellcasting   | |  7.4

Action                   |  1- 3 |  4- 6 || total
-------------------------+-------+-------++-------
Melee: Dagger            |    63 |   114 ||   177
       Flail             |    10 |       ||    10
       Bite              |     3 |     5 ||     8
 Cast: Magic Dart        |    77 |    50 ||   127
       Blink             |     2 |       ||     2
       Call Imp          |     1 |     2 ||     3
  Use: Scroll            |     1 |     7 ||     8
       Potion            |     1 |       ||     1
 Stab: Sleeping          |     7 |     5 ||    12
       Paralysed         |       |     1 ||     1
Armor: Robe              |     5 |       ||     5
       Leather armour    |    10 |    30 ||    40
Dodge: Dodged            |    88 |    61 ||   149

Table legend: (Time is in decaauts)
 A = Elapsed time spent in this place.
 B = Non-inter-level travel time spent in this place.
 C = Inter-level travel time spent in this place.
 D = Time resting spent in this place.
 E = Time spent auto-exploring this place.
 F = Levels seen in this place.
 G = Mean time per level.
                   A        B        C        D        E       F      G
               +--------+--------+--------+--------+--------+-----+--------+
         Total |   4866 |   4648 |    218 |    492 |   3358 |   4 | 1216.5 |
       Dungeon |   4866 |   4648 |    218 |    492 |   3358 |   4 | 1216.5 |
               +--------+--------+--------+--------+--------+-----+--------+

Top non-repeatable levels by time:
     D:1: 1812 daAuts
     D:2: 1497 daAuts
     D:3: 1231 daAuts
     D:4: 325 daAuts
